 Dungeon Crawl Stone Soup version 0.30.0-29-ga12c61a403 (webtiles) character file.

Game seed: 16643618420725277741

30 LynnLen the Sneak (level 3, 0/16 HPs)
             Began as a Spriggan Enchanter on June 15, 2023.
             Slain by a worm (10 damage)
             ... on level 2 of the Dungeon.
             The game lasted 00:02:42 (897 turns).

LynnLen the Sneak (Spriggan Enchanter)               Turns: 897, Time: 00:02:42

Health: 0/16       AC:  3    Str:  4    XL:     3   Next: 5%
Magic:  8/8        EV: 17    Int: 18    God:
Gold:   47         SH:  0    Dex: 15    Spells: 8/8 levels left

rFire   . . .        a - +1 dagger
rCold   . . .        (no shield)
rNeg    . . .        b - +1 robe
rPois   .            (helmet restricted)
rElec   .            (no cloak)
rCorr   .            (gloves unavailable)
SInv    +            (boots unavailable)
Will    .....        (no amulet)
Stlth   +++          (no ring)
HPRegen 0.22/turn    (no ring)
MPRegen 0.11/turn

%: no passive effects
@: very quick
A: very small, no large weapons, unfitting armour, see invisible, speed 3
a: no special abilities


You were on level 2 of the Dungeon.
You visited 1 branch of the dungeon, and saw 2 of its levels.

You collected 47 gold pieces.

Inventory:

Hand Weapons
 a - a +1 dagger (weapon)
Armour
 b - a +1 robe (worn)
Scrolls
 e - a scroll of fear
 i - a scroll of fog {unknown}
 j - 2 scrolls of enchant weapon {unknown}
Potions
 c - 2 potions of invisibility
 d - a potion of curing {unknown}
 f - a potion of lignification {unknown}
 g - a potion of degeneration {unknown}
 h - a potion of might {unknown}
 k - a potion of berserk rage {unknown}


   Skills:
 - Level 1.1 Short Blades
 - Level 2.6 Dodging
 + Level 5.4 Stealth
 + Level 3.1 Spellcasting
 + Level 4.2 Hexes


You had 8 spell levels left.
You didn't know any spells.
Your spell library contained the following spells:

 Spells                   Type           Power      Damage    Failure   Level
 Confusing Touch          Hex            18%        N/A       9%          3
 Tukima's Dance           Hex            18%        N/A       9%          3
 Ensorcelled Hibernation  Hex/Ice        20%        N/A       10%         2
 Dazzling Flash           Conj/Hex       20%        N/A       21%         3
 Inner Flame              Hex/Fire       10%        N/A       21%         3
 Gell's Gravitas          Tloc           2%         N/A       43%         3
 Teleport Other           Tloc           2%         N/A       43%         3
 Yara's Violent Unravell  Hex/Tmut       5%         3d4       88%         5
 Dispersal                Tloc           1%         N/A       100%        6
 Enfeeble                 Hex            9%         N/A       100%        7


Dungeon Overview and Level Annotations

Branches:
Dungeon (2/15)

Altars:


Innate Abilities, Weirdness & Mutations

You are very small and have problems with some larger weapons.
You are too small for most types of armour.
You have supernaturally acute eyesight. (SInv)
You cover ground extremely quickly. (Speed+++)


Message History

HP restored.
You see here a +0 dagger.
A worm comes into view.
A worm is nearby!
You hit the worm.
The worm is moderately wounded.
The worm closely misses you.
You hit the worm.
The worm is moderately wounded.
You hit the worm.
The worm is heavily wounded.
The worm closely misses you.
You barely miss the worm.
The worm is heavily wounded.
The worm completely misses you.
You hit the worm.
The worm is heavily wounded.
You hit the worm but do no damage.
The worm is heavily wounded.
The worm closely misses you.
You hit the worm.
The worm is heavily wounded.
You hit the worm but do no damage.
The worm is heavily wounded.
The worm completely misses you.
You hit the worm.
The worm is severely wounded.
You hit the worm.
The worm is almost dead.
The worm barely misses you.
You hit the worm.
The worm is almost dead.
You hit the worm but do no damage.
The worm is almost dead.
The worm bites you.
You hit the worm. You punch the worm, but do no damage.
The worm is almost dead.
The worm bites you!
Ouch! That really hurt!
You die...

## ### .# ##.##
.#
####...##.######
+.w@............
####...#.######
##.##.# ####.#
#.# #.# #.# #.#
#.# ##.## #.#


You could see a worm.

Vanquished Creatures
  A dart slug (D:2)
  3 endoplasms (D:1)
  3 giant cockroaches
  A hobgoblin (D:2)
  A quokka (D:1)
  A ball python (D:1)
  5 bats
  5 frilled lizards
  4 goblins
  A kobold (D:1)
  4 rats (D:1)
29 creatures vanquished.

Notes
Turn   | Place    | Note
-------+----------+-------------------------------------------
     0 | D:1      | LynnLen the Spriggan Enchanter began the quest for the Orb.
     0 | D:1      | Reached XP level 1. HP: 9/9 MP: 5/5
   179 | D:1      | Reached XP level 2. HP: 13/13 MP: 6/6
   211 | D:1      | Reached skill level 5 in Stealth
   856 | D:2      | Reached XP level 3. HP: 16/16 MP: 8/8
   897 | D:2      | Slain by a worm

Illustrated notes

Levels and vault maps discovered:
D:1:      wander_arrival_peaceful_grave, layout_rooms
D:2:      layout_loops_corners, serial_shops, shop, uniq_natasha

Skill      XL: |  1  2 |
---------------+-------+-----
Hexes          | 4 |  4.2
Stealth        | 5 |  5.4
Spellcasting   | 3 |  3.1
Short Blades   | |  1.1
Dodging        | |  2.6

Action                     || total
---------------------------++-------
  Melee: Dagger            ||   100
         Punch             ||     2
    Use: Scroll            ||     4
   Stab: Sleeping          ||     7
 Armour: Robe              ||     8
  Dodge: Dodged            ||    75
